Map: Divergence CE

Players

Apophis

  • Race: Terran Terran
  • Spawn Location: 5:00

Zenton

  • Race: Protoss Protoss
  • Spawn Location: 5:00

Ekelpack - Winner!

  • Race: Zerg Zerg
  • Spawn Location: 11:00

Nyck - Winner!

  • Race: Terran Terran
  • League: Silver
  • Spawn Location: 11:00

VOD

Have the link to the VOD?

Description

Time

  • Played on: Oct. 15, 2024, 1:38 p.m.
  • Length: 14:30
Show
View Real Time Build Order
Export as new Build Order

Apophis Terran 

Build Orders: Reaper Expand 

Get SALT Encoding   

  12  0:00  SCV  
  13  0:12  SCV  
  14  0:19  Supply Depot  
  14  0:24  SCV  
  15  0:40  SCV  
  15  0:41  Barracks  
  16  0:45  Refinery  
  16  0:53  SCV  
  17  1:05  SCV  
  18  1:17  SCV  
  19  1:29  Reaper  
  19  1:30  Orbital Command  
  20  1:44  Bunker  
  20  1:52  Command Center  
  20  1:56  SCV  
  21  2:08  SCV  
  21  2:10  Barracks  
  21  2:17  Barracks Tech Lab  
  21  2:36  SCV  
  22  2:38  Supply Depot, Refinery  
  22  2:41  Marine, Stimpack  
  23  2:51  Factory  
  23  3:00  SCV  
  24  3:08  Orbital Command  
  24  3:12  SCV  
  25  3:16  Barracks Reactor  
  25  3:24  SCV  
  25  3:26  Marine  
  27  3:35  SCV  
  27  3:36  SCV  
  27  3:37  Starport, Factory Reactor  
  29  3:43  Marine  
  29  3:47  SCV  
  30  3:49  SCV  
  30  3:52  Marine  
  30  3:53  Supply Depot, Marine  
  33  3:59  SCV  
  33  4:01  SCV  
  35  4:05  Marine  
  36  4:10  Marine x2  
  36  4:11  SCV  
  36  4:13  SCV  
  36  4:16  Supply Depot  
  40  4:19  Medivac  
  40  4:20  Factory Tech Lab, Medivac  
  40  4:23  SCV  
  45  4:25  SCV  
  46  4:34  Marine x3  
  49  4:39  SCV x2  
  49  4:41  Siege Tank, Refinery x2  
  54  4:53  Command Center  
  54  5:03  SCV x2  
  54  5:05  Supply Depot  
  56  5:07  Supply Depot, Marine x3  
  56  5:09  Medivac  
  61  5:15  Supply Depot  
  61  5:26  Marine  
  61  5:27  Siege Tank, Marine x2, SCV, Medivac  
  60  6:01  SCV x2  
  61  6:05  Engineering Bay x2  
  61  6:08  Orbital Command  
  61  6:11  Marine x3  
  61  6:12  Siege Tank, Medivac x2  
  61  6:13  SCV x2  
  61  6:14  Barracks  
  73  6:21  Combat Shield  
  73  6:25  SCV  
  73  6:26  SCV  
  73  6:32  Barracks  
  75  6:33  Barracks  
  75  6:38  SCV x2  
  77  6:40  Missile Turret  
  77  6:42  Missile Turret  
  77  6:43  Missile Turret  
  77  6:46  Missile Turret  
  77  6:50  Terran Infantry Weapons Level 1, Terran Infantry Armor Level 1  
  74  7:06  SCV  
  74  7:07  SCV  
  76  7:13  Armory  
  76  7:17  Missile Turret  
  76  7:26  Missile Turret x2  
  76  7:29  Missile Turret  
  76  7:30  Missile Turret  
  76  7:37  Barracks Tech Lab x2, Barracks Reactor  
  76  7:38  Marine x2  
  76  7:40  Orbital Command  
  76  7:42  Siege Tank  
  76  7:43  Concussive Shells  
  81  7:47  Missile Turret  
  81  7:54  Missile Turret  
  81  7:56  SCV x2  
  83  8:00  Terran Vehicle Weapons Level 1  
  83  8:06  Marine  
  83  8:07  Marine  
  83  8:08  SCV x2, Marine  
  83  8:11  Marine x2  
  90  8:15  SCV  
  91  8:20  SCV x2  
  91  8:24  Marine  
  94  8:27  SCV  
  94  8:31  Missile Turret  
  94  8:32  SCV  
  94  8:33  SCV  
  97  8:36  Missile Turret  
  97  8:39  SCV  
  98  8:44  SCV  
  98  8:46  Missile Turret  
  99  8:50  Command Center  
  99  8:53  Missile Turret, Factory  
  99  8:54  SCV x2  
  99  8:55  Starport  
  101  8:56  Refinery  
  101  8:58  Refinery, Missile Turret  
  101  8:59  Ghost Academy  
  101  9:06  Supply Depot  
  101  9:09  Missile Turret  
  101  9:12  Supply Depot  
  101  9:18  Terran Infantry Armor Level 2, Terran Infantry Weapons Level 2  
  101  9:28  Supply Depot, SCV x2, Marauder x3  
  101  9:31  Supply Depot x2  
  109  9:33  Supply Depot x2  
  109  9:34  SCV  
  110  9:40  Supply Depot, SCV x2  
  110  9:44  Marine  
  110  9:45  Marine x3  
  116  9:46  SCV  
  116  9:49  Marine x3  
  120  9:57  Supply Depot  
  82  10:01  Siege Tank  
  82  10:02  Marine, Factory Tech Lab  
  82  10:03  Supply Depot, Marine x3  
  82  10:04  Medivac  
  82  10:06  Starport Reactor  
  91  10:07  Marine x3  
  91  10:08  Medivac  
  96  10:16  Terran Vehicle Weapons Level 2  
  96  10:20  Marine x3  
  96  10:21  Marine  
  100  10:22  Siege Tank  
  100  10:25  Marine x2  
  105  10:33  Widow Mine  
  104  10:39  Liberator x2  
  110  10:54  Siege Tank x2  
  113  11:13  Marine  
  113  11:14  Marine x6  
  113  11:15  Liberator x2  
  107  11:26  Siege Tank  
  107  11:31  Marine x3  
  107  11:32  Marine  
  102  11:36  Marine  
  102  11:37  Marine x2  
  102  11:38  Siege Tank  
  102  11:44  Personal Cloaking  
  94  11:49  Marine x4  
  95  11:54  Marine  
  95  11:55  Marine x2  
  95  11:58  Siege Tank  
  101  12:04  Barracks  
  101  12:06  Barracks x2  
  101  12:07  Marine, Barracks  
  101  12:08  Marauder  
  104  12:10  Siege Tank  
  104  12:12  SCV x2  
  104  12:13  SCV, Marauder  
  112  12:27  Medivac x4  
  120  12:41  Ghost x2  
  120  12:42  Ghost  
  126  12:49  Command Center  
  126  12:50  Missile Turret  
  126  12:52  Missile Turret  
  126  12:57  Missile Turret x2  
  126  12:59  Missile Turret  
  126  13:01  Barracks Tech Lab x2  
  126  13:02  Barracks Tech Lab x2  
  126  13:10  Ghost x3  
  132  13:17  Missile Turret  
  132  13:21  Thor  
  138  13:27  Marine x8  
  146  13:38  Ghost x2  
  146  13:39  Ghost  
  152  13:45  Marine  
Show
View Real Time Build Order
Export as new Build Order

Zenton Protoss 

Build Orders:  

Get SALT Encoding   

  12  0:01  Probe  
  13  0:13  Probe  
  14  0:24  Pylon  
  14  0:32  Probe  
  15  0:44  Gateway, Probe (Chrono Boost)  
  16  0:51  Assimilator  
  16  0:55  Assimilator  
  16  0:56  Probe (Chrono Boost)  
  17  1:03  Probe (Chrono Boost)  
  18  1:13  Probe  
  19  1:25  Probe  
  20  1:33  Cybernetics Core  
  20  1:37  Probe (Chrono Boost)  
  21  1:49  Probe (Chrono Boost)  
  22  1:54  Probe (Chrono Boost)  
  23  2:12  Pylon  
  23  2:13  Warp Gate  
  23  2:30  Stalker, Probe  
  23  2:35  Robotics Facility  
  26  2:45  Nexus  
  26  2:48  Probe  
  27  3:06  Stalker  
  29  3:16  Probe (Chrono Boost)  
  31  3:27  Probe (Chrono Boost)  
  31  3:43  Nexus  
  31  3:47  Pylon  
  31  3:56  Probe  
  32  4:08  Probe  
  33  4:12  Immortal  
  37  4:20  Stalker  
  37  4:22  Probe  
  37  4:23  Probe  
  41  4:34  Probe  
  41  4:36  Probe (Chrono Boost)  
  43  4:40  Shield Battery  
  43  4:46  Probe (Chrono Boost)  
  43  4:49  Probe (Chrono Boost)  
  45  4:55  Probe (Chrono Boost)  
  45  4:56  Assimilator  
  46  5:00  Assimilator  
  46  5:01  Assimilator  
  46  5:03  Stalker  
  46  5:06  Assimilator  
  48  5:10  Immortal  
  48  5:12  Probe  
  48  5:13  Probe  
  54  5:15  Probe  
  55  5:25  Probe  
  56  5:29  Probe x2  
  58  5:37  Probe  
  58  5:41  Probe x2  
  61  5:49  Probe  
  62  5:53  Probe x2  
  64  6:01  Pylon, Probe  
  65  6:05  Probe x2  
  67  6:13  Probe  
  67  6:17  Probe  
  69  6:19  Probe  
  69  6:25  Forge, Probe  
  71  6:30  Twilight Council  
  71  6:55  Forge  
  71  6:57  Forge, Pylon  
  65  7:09  Stalker  
  65  7:13  Blink  
  67  7:21  Protoss Ground Weapons Level 1  
  67  7:48  Pylon  
  67  7:49  Pylon  
  67  7:52  Gateway  
  67  7:54  Pylon  
  67  7:55  Gateway  
  67  7:57  Gateway  
  67  7:59  Gateway  
  67  8:00  Probe  
  67  8:01  Probe x2  
  70  8:07  Gateway  
  70  8:09  Warp Prism, Gateway  
  70  8:13  Stalker, Probe x3  
  70  8:25  Probe x3  
  73  8:32  Photon Cannon  
  73  8:33  Photon Cannon  
  73  8:37  Probe x3  
  76  8:41  Photon Cannon  
  76  8:55  Photon Cannon  
  76  9:00  Photon Cannon  
  76  9:01  Photon Cannon  
  76  9:03  Stalker  
  76  9:04  Stalker x4  
  86  9:27  Gateway x2  
  86  9:30  Gateway x2  
  86  9:32  Gateway  
  86  9:40  Pylon  
  86  9:41  Pylon  
  86  9:42  Pylon  
  86  9:45  Nexus  
  78  10:21  Zealot x6  
  84  10:22  Zealot  
  84  10:24  Zealot x2  
  75  10:40  Stalker  
  75  10:41  Stalker x4  
  75  10:42  Stalker  
  59  10:43  Stalker  
  59  10:47  Zealot x2  
  36  11:09  Stalker x3  
  36  11:10  Stalker x2  
  34  11:34  Zealot x2  
  34  11:35  Zealot x2  
  25  12:46  Probe (Chrono Boost)  
  25  12:51  Probe x2 (Chrono Boost)  
  28  12:56  Probe (Chrono Boost)  
  30  13:00  Probe x2 (Chrono Boost)  
  30  13:01  Probe (Chrono Boost)  
  32  13:10  Probe (Chrono Boost)  
  32  13:11  Probe (Chrono Boost)  
  35  13:18  Probe (Chrono Boost)  
  36  13:21  Probe x2 (Chrono Boost)  
  24  14:08  Pylon  
  24  14:22  Robotics Facility  
Show
View Real Time Build Order
Export as new Build Order

Ekelpack Zerg - Winner!

Build Orders: Hatch First 

Get SALT Encoding   

  12  0:00  Drone  
  13  0:12  Overlord  
  13  0:18  Drone  
  14  0:31  Drone  
  15  0:49  Hatchery, Drone  
  15  0:56  Drone  
  16  1:09  Spawning Pool  
  15  1:12  Drone  
  15  1:16  Drone  
  17  1:20  Drone  
  17  1:23  Extractor  
  17  1:29  Drone  
  18  1:40  Drone  
  19  1:56  Zergling x4  
  19  2:00  Queen  
  23  2:02  Queen  
  24  2:32  Drone x3  
  27  2:41  Lair  
  27  2:42  Drone  
  27  2:43  Overlord  
  28  2:50  Extractor  
  27  2:56  Drone, Overlord  
  27  2:57  Extractor  
  27  3:02  Drone  
  27  3:03  Drone  
  27  3:05  Drone x2  
  31  3:11  Queen  
  33  3:29  Drone x4  
  33  3:31  Overlord  
  37  3:42  Spire  
  37  3:48  Drone x2  
  38  3:54  Extractor  
  37  3:57  Drone x2  
  37  3:58  Drone  
  37  3:59  Drone  
  41  4:09  Drone x3  
  44  4:19  Drone x2  
  44  4:20  Drone  
  47  4:34  Overlord  
  47  4:52  Overlord x2  
  47  5:00  Zerg Flyer Weapons Level 1, Mutalisk x3  
  47  5:01  Mutalisk x3  
  59  5:11  Hatchery  
  58  5:18  Queen  
  52  5:53  Mutalisk x2  
  52  5:54  Mutalisk x5  
  52  5:56  Zergling x6  
  64  5:57  Zergling x10  
  68  6:21  Mutalisk  
  68  6:22  Overlord x2, Mutalisk  
  72  6:44  Extractor x2  
  70  7:05  Zergling x10, Overlord x2  
  75  7:16  Infestation Pit  
  74  7:28  Zergling x2, Evolution Chamber  
  74  7:29  Zergling x2  
  75  7:30  Evolution Chamber  
  75  7:33  Drone x7  
  82  7:51  Drone x2  
  82  7:53  Hive  
  82  7:54  Zerg Melee Weapons Level 1  
  82  7:56  Zerg Ground Armor Level 1, Metabolic Boost  
  82  7:58  Zergling x6  
  86  8:16  Zergling x2  
  86  8:17  Zergling x4  
  89  8:34  Drone  
  89  8:35  Drone x4  
  94  8:43  Overlord x2  
  94  8:44  Zergling x14  
  94  8:45  Zergling x4  
  103  9:04  Zergling x4, Overlord  
  103  9:05  Zergling x10  
  103  9:06  Zergling x4  
  112  9:22  Ultralisk Cavern  
  111  9:26  Pneumatized Carapace  
  83  10:06  Zerg Melee Weapons Level 2  
  83  10:07  Zerg Ground Armor Level 2  
  83  10:09  Chitinous Plating  
  83  10:11  Ultralisk x4  
  83  10:12  Ultralisk x2  
  119  10:18  Adrenal Glands  
  109  10:48  Ultralisk x3  
  109  10:49  Overlord  
  112  11:21  Ultralisk x3  
  128  11:30  Anabolic Synthesis  
  122  11:36  Drone x2  
  110  12:13  Ultralisk  
  110  12:14  Zergling x12  
  110  12:15  Zergling x12  
  127  12:19  Hatchery  
  127  12:35  Ultralisk  
  127  12:36  Overlord, Ultralisk  
  139  12:58  Overlord  
  139  13:26  Overlord, Ultralisk  
  145  13:27  Zergling x4  
  145  13:28  Zergling x14  
  145  13:29  Zergling x2  
Show
View Real Time Build Order
Export as new Build Order

Nyck Terran - Winner!

Build Orders: Reaper Expand 

Get SALT Encoding   

  12  0:00  SCV  
  13  0:12  SCV  
  14  0:18  Supply Depot  
  14  0:24  SCV  
  15  0:40  SCV  
  15  0:42  Barracks  
  16  0:49  Refinery  
  16  0:53  SCV  
  17  1:07  SCV  
  18  1:23  Command Center  
  18  1:32  Reaper  
  19  1:43  Orbital Command  
  19  1:49  Refinery  
  19  2:16  SCV  
  19  2:19  Supply Depot  
  20  2:29  Reaper  
  20  2:48  SCV  
  21  3:01  Reaper  
  22  3:12  SCV  
  23  3:21  Barracks x2  
  23  3:25  SCV  
  23  3:26  Factory  
  24  3:29  Orbital Command  
  24  3:33  Reaper  
  25  3:37  SCV  
  26  3:49  SCV  
  27  3:58  SCV  
  27  4:01  SCV  
  29  4:06  Barracks Tech Lab  
  29  4:09  Barracks Reactor x2  
  29  4:10  SCV  
  29  4:13  SCV  
  29  4:14  Engineering Bay  
  29  4:16  Engineering Bay  
  31  4:18  Armory  
  31  4:22  SCV  
  32  4:25  SCV  
  33  4:34  SCV  
  33  4:35  Refinery  
  33  4:36  Refinery  
  33  4:37  SCV  
  35  4:43  Command Center  
  35  4:46  SCV  
  35  4:49  Terran Infantry Weapons Level 1, SCV  
  35  4:50  Terran Infantry Armor Level 1  
  37  4:52  Starport  
  37  4:59  Factory Reactor  
  37  5:15  SCV  
  37  5:16  SCV  
  39  5:28  SCV x2  
  41  5:30  Marine x3  
  41  5:31  Marine x2  
  45  5:40  SCV x2  
  40  5:48  Marine  
  37  5:52  SCV  
  38  6:00  SCV  
  38  6:02  Orbital Command  
  39  6:04  SCV  
  39  6:12  SCV  
  39  6:13  Combat Shield  
  39  6:14  Marine x3  
  39  6:15  Marine  
  39  6:16  SCV, Marine  
  39  6:18  Medivac x2  
  50  6:31  SCV x2  
  52  6:43  SCV x2  
  54  6:47  Orbital Command  
  54  6:51  Marine x2  
  54  6:52  Marine x3  
  59  6:55  Supply Depot, SCV x2  
  61  7:02  Terran Infantry Weapons Level 2  
  61  7:08  Terran Infantry Armor Level 2  
  61  7:17  SCV x2  
  61  7:18  Supply Depot, SCV  
  64  7:28  Marine x3  
  64  7:29  Supply Depot, SCV x2  
  69  7:32  Stimpack  
  69  7:39  Marine x2, Medivac x2  
  69  7:40  Supply Depot  
  69  7:43  SCV  
  76  7:45  SCV  
  76  7:50  SCV, Marine x2  
  76  7:51  Supply Depot, Marine  
  80  7:55  SCV  
  80  7:57  SCV, Marine x2  
  85  8:02  SCV  
  85  8:04  Supply Depot  
  85  8:05  Barracks  
  86  8:08  Marine x2  
  88  8:12  Medivac  
  88  8:13  Medivac  
  88  8:15  SCV x2  
  88  8:16  SCV  
  88  8:19  Refinery  
  95  8:21  Refinery  
  95  8:26  Supply Depot, Marine x5  
  100  8:27  SCV  
  100  8:28  SCV x2  
  103  8:40  SCV x3  
  106  8:42  Medivac  
  106  8:43  Marine  
  106  8:48  Medivac  
  111  8:50  Supply Depot  
  111  8:53  Terran Vehicle And Ship Armor Level 1  
  111  8:54  Barracks  
  111  8:56  Marine x3  
  114  9:07  SCV x3  
  117  9:11  Concussive Shells  
  117  9:16  Supply Depot  
  117  9:19  Medivac x2  
  117  9:23  Marine x3  
  117  9:24  Marine  
  124  9:26  Barracks Reactor  
  124  9:29  Terran Infantry Weapons Level 3  
  125  9:32  Terran Infantry Armor Level 3  
  125  9:35  Command Center  
  125  9:39  Supply Depot, Marine  
  125  9:43  SCV  
  125  10:01  Supply Depot  
  125  10:25  Supply Depot  
  120  10:48  Supply Depot  
  120  10:52  Marine  
  120  10:53  Marine x6  
  120  10:55  Medivac x2  
  128  10:57  Terran Vehicle And Ship Armor Level 2  
  122  11:10  Marine x4  
  122  11:11  Marine x3  
  109  11:25  Medivac x2  
  106  11:28  Marine x7  
  112  11:46  Marine x7  
  119  11:55  Medivac x2  
  119  11:56  SCV  
  119  11:57  SCV x2  
  126  12:03  Marine, Barracks Reactor  
  126  12:04  Marine x6  
  126  12:06  Barracks  
  133  12:12  SCV x3  
  136  12:21  Marine  
  136  12:22  Marine x6  
  143  12:24  SCV x3  
  143  12:25  Medivac x2  
  150  12:36  SCV x3  
  153  12:39  Marine x4  
  152  12:46  Marine x5  
  157  12:52  SCV  
  157  12:53  SCV x2  
  157  12:55  Medivac x2  
  157  12:57  Marine x4  
  157  12:58  Supply Depot  
  168  13:03  Marine  
  168  13:04  Marine x5  
  174  13:14  SCV x3  
  174  13:15  Marine x4  
  181  13:20  Supply Depot  
  181  13:21  Marine  
  181  13:22  Orbital Command, Marine x5  
  181  13:25  Medivac x2  
  181  13:26  SCV, Refinery  
  181  13:27  SCV x2  
  193  13:32  Marine  
  193  13:33  Marine x3  
  198  13:39  SCV x2  
Tags
 
Add a new tag
Caveats
  • Supply blocks, unpowered buildings, or Contaminate may cause inaccurate times.
  • Supply counts are checked every 10 seconds.